 Dungeon Crawl Stone Soup version 0.28-a0-883-gc8d7bad45d (webtiles) character file.

Game seed: 8493169465274198171

37 Anon1729 the Insei (level 3, -5/23 HPs)
             Began as an Octopode Transmuter on Nov 21, 2021.
             Slain by an iguana (14 damage)
             ... on level 2 of the Dungeon.
             The game lasted 00:01:13 (1932 turns).

Anon1729 the Insei (Octopode Transmuter)            Turns: 1932, Time: 00:01:13

Health: -5/23      AC:  1    Str:  9    XL:     3   Next: 41%
Magic:  6/6        EV: 13    Int: 16    God:
Gold:   54         SH:  0    Dex: 12    Spells: 5/6 levels left

rFire   . . .      SeeInvis .     - Unarmed
rCold   . . .      Faith    .   (no shield)
rNeg    . . .      Spirit   .   (helmet restricted)
rPois   .          Reflect  .   (no amulet)
rElec   .          Harm     .   (no ring)
rCorr   .          Rampage  .   (no ring)
Will    .....                   (no ring)
Stlth   ++........              (no ring)
HPRegen 0.07/turn               (no ring)
MPRegen 0.10/turn               (no ring)
                                (no ring)
                                (no ring)

@: no status effects
A: almost no armour, amphibious, 8 rings, camouflage 1, gelatinous body 1,
(nimble swimmer 1), tentacles
a: no special abilities


You were on level 2 of the Dungeon.
You visited 1 branch of the dungeon, and saw 2 of its levels.

You collected 54 gold pieces.

Inventory:

Magical Staves
 c - a staff of death
Jewellery
 f - a +4 ring of protection
Scrolls
 b - a scroll of holy word {unknown}
 d - a scroll of identify {unknown}
 e - a scroll of fear {unknown}
Potions
 a - a potion of mutation {unknown}
 g - a potion of flight {unknown}
 h - a potion of might {unknown}
 i - a potion of degeneration {unknown}


   Skills:
 + Level 1.6 Fighting
 + Level 2.4 Dodging
 + Level 3.3 Unarmed Combat
 + Level 2.3 Spellcasting
 + Level 2.3 Transmutations


You had 5 spell levels left.
You knew the following spells:

 Your Spells              Type           Power      Damage    Failure   Level
a - Beastly Appendage     Tmut           18%        N/A       8%          1

Your spell library contained the following spells:

 Spells                   Type           Power      Damage    Failure   Level
 Wereblood                Tmut           9%         N/A       12%         2
 Apportation              Tloc           2%         N/A       21%         1
 Spider Form              Tmut/Pois      5%         N/A       36%         3
 Ice Form                 Ice/Tmut       5%         N/A       77%         4
 Alistair's Intoxication  Tmut/Pois      3%         N/A       98%         5


Dungeon Overview and Level Annotations

Branches:
Dungeon (2/15)

Altars:

Shops:
D:2 (


Innate Abilities, Weirdness & Mutations

You cannot wear most types of armour.
You are amphibious.
You can wear up to eight rings at the same time.
Your skin changes colour to match your surroundings (Stealth+).
Your rubbery body absorbs attacks. (AC +1, EV +1)
((You are camouflaged near water. (Stealth+)))
You have tentacles for arms and can constrict up to eight enemies at once.


Message History

Found Yletypre's Weapon Emporium.
No target in view!
No target in view!
There is an entrance to Yletypre's Weapon Emporium here.
There is an entrance to Yletypre's Weapon Emporium here.
A kobold comes into view. It is wielding a +0 short sword.
A kobold is nearby!
A kobold is nearby!
A kobold is nearby!
An iguana comes into view.
The kobold hits you with a +0 short sword.
You barely miss the kobold. You grab the kobold. You squeeze the kobold.
You kill the kobold!
The iguana hisses angrily.
Things that are here:
a +0 short sword; a kobold corpse You closely miss the iguana.
You grab the iguana.
You squeeze the iguana, but do no damage.
You constrict the iguana, but do no damage.
The iguana closely misses you.
You tentacle-slap the iguana but do no damage.
You constrict the iguana, but do no damage.
The iguana bites you!
You are too injured to fight recklessly!
You are too injured to fight recklessly!
You are too injured to fight recklessly!
You are too injured to fight recklessly!
You are too injured to fight recklessly!
An iguana is nearby!
An iguana is nearby!
You tentacle-slap the iguana. You squeeze the iguana.
The iguana is heavily wounded.
You constrict the iguana, but do no damage.
The iguana barely misses you.
You tentacle-slap the iguana.
The iguana is severely wounded.
You constrict the iguana, but do no damage.
The iguana bites you!
Ouch! That really hurt!
You die...

###.##.# #.# ##.##
#...(.<# #.# #.#
.......# #∩# #.#
.......# #.# #.##
......## #.# #.#.
......# #.# #.#. .##.###
#.# #.#. ..#.#
################.####.#.
....#
......l@.)............#.
....##
........#.####.########.
.....## #########.# #.#
#. ......# ###.####.##
#. .......[#
#.....##..## ##
...)....# #.....##.#.##
.....##.# #.......###.#
.>..## .# #.....##.#.##
...## #.# #.....##..##
#####


You could see an iguana.

Vanquished Creatures
  A worm (D:2)
  A dart slug (D:1)
  7 ball pythons
  2 endoplasms
  A hobgoblin (D:1)
  2 quokkas
  8 bats
  A frilled lizard (D:2)
  3 goblins (D:1)
  3 kobolds
  3 rats
32 creatures vanquished.

Notes
Turn   | Place    | Note
-------+----------+-------------------------------------------
     0 | D:1      | Anon1729 the Octopode Transmuter began the quest for the
                  | Orb.
     0 | D:1      | Reached XP level 1. HP: 13/13 MP: 3/3
   151 | D:1      | Reached XP level 2. HP: 18/18 MP: 5/5
  1125 | D:2      | Reached XP level 3. HP: 18/23 MP: 6/6
  1888 | D:2      | Found Yletypre's Weapon Emporium.
  1932 | D:2      | Slain by an iguana

Illustrated notes

Levels and vault maps discovered:
D:1:      onia_arrival_mini_spirals, layout_loops_ring
D:2:      layout_loops_ring, serial_shops, shop,
          hellmonk_ecumenical_altar_crossroads, amcnicky_mini_corridor_feature

Action                   || total
-------------------------++-------
Melee: Unarmed           ||    80
       Tentacles         ||    15
       Constrict         ||    14
       Punch             ||     2
       Kick              ||     1
 Cast: Beastly Appendage ||     2
 Stab: Sleeping          ||     9
Armor: Skin              ||    13
Dodge: Dodged            ||    62

Table legend: (Time is in decaauts)
 A = Elapsed time spent in this place.
 B = Non-inter-level travel time spent in this place.
 C = Inter-level travel time spent in this place.
 D = Time resting spent in this place.
 E = Time spent auto-exploring this place.
 F = Levels seen in this place.
 G = Mean time per level.
                   A        B        C        D        E       F      G
               +--------+--------+--------+--------+--------+-----+--------+
         Total |   1926 |   1888 |     38 |      0 |   1653 |   2 |  963.0 |
       Dungeon |   1926 |   1888 |     38 |      0 |   1653 |   2 |  963.0 |
               +--------+--------+--------+--------+--------+-----+--------+

Top non-repeatable levels by time:
     D:1: 1109 daAuts
     D:2: 817 daAuts
